 Dungeon Crawl Stone Soup version 0.30-a0-1161-g0704695555 (webtiles) character file.

Game seed: 187012727254221376

992 voltaire321 the Conjurer (level 7, -11/37 (40) HPs)
             Began as a Deep Elf Conjurer on Apr 26, 2023.
             Mangled by a wight
             ... wielding a +5 mace of freezing
              (15 damage)
             ... on level 6 of the Dungeon on Apr 27, 2023.
             The game lasted 00:17:46 (6153 turns).

voltaire321 the Conjurer (Deep Elf Conjurer)        Turns: 6153, Time: 00:17:46

HP:   -11/37 (40)   AC:  4    Str:  3 (6)  XL:     7   Next: 98%
MP:   5/17          EV: 13    Int: 26      God:
Gold: 335           SH:  5    Dex: 11 (13) Spells: 7/16 levels left

rFire   + . .        m - +6 flail "Goas" {protect, Int+3}
rCold   + . .        (no shield)
rNeg    . . .        g - +1 robe {rC+ rF+}
rPois   .            (no helmet)
rElec   .            (no cloak)
rCorr   .            (no gloves)
SInv    .            p - +0 pair of boots
Will    .....        v - amulet of reflection
Stlth   ++           (no ring)
HPRegen 0.26/turn    (no ring)
MPRegen 0.15/turn

%: reflection
@: drained
A: no striking features
a: no special abilities


You were on level 6 of the Dungeon.
You visited 2 branches of the dungeon, and saw 7 of its levels.
You also visited: Sewer.

You collected 335 gold pieces.

Inventory:

Hand Weapons
 l - a +1 dagger of holy wrath
 m - the +6 flail "Goas" (weapon) {protect, Int+3}
   (You found it on level 2 of the Dungeon)

   Int:       It affects your intelligence (+3).
Armour
 g - a +1 robe of resistance (worn)
 p - a +0 pair of boots (worn)
Jewellery
 v - an amulet of reflection (around neck)
Scrolls
 d - 2 scrolls of fog {unknown}
 f - 2 scrolls of immolation {unknown}
 h - 7 scrolls of blinking {unknown}
 i - 2 scrolls of noise {unknown}
 j - 2 scrolls of enchant armour {unknown}
 n - a scroll of poison {unknown}
 o - 2 scrolls of teleportation {unknown}
 w - a scroll of torment {unknown}
 y - a scroll of fear {unknown}
Potions
 a - a potion of ambrosia
 b - 2 potions of magic
 c - 3 potions of mutation
 e - a potion of cancellation
 q - a potion of might
 s - 2 potions of heal wounds
 t - 3 potions of lignification
 x - a potion of resistance


   Skills:
 + Level 2.6 Fighting
 + Level 2.7 Armour
 + Level 4.8 Dodging
 - Level 2.4 Stealth
 + Level 5.3 Spellcasting
 + Level 5.9 Conjurations
 + Level 3.0 Air Magic
 + Level 3.2 Poison Magic


You had 7 spell levels left.
You knew the following spells:

 Your Spells              Type           Power      Damage    Failure   Level
a - Magic Dart            Conj           100%       1d8       1%          1
b - Searing Ray           Conj           74%        2d7       1%          2
c - Poisonous Vapours     Pois/Air       46%        N/A       3%          2
d - Olgreb's Toxic Radia  Pois           23%        N/A       21%         4

Your spell library contained the following spells:

 Spells                   Type           Power      Damage    Failure   Level
 Sting                    Tmut/Pois      60%        1d6       3%          1
 Dazzling Flash           Conj/Hex       44%        N/A       7%          3
 Hailstorm                Conj/Ice       22%        3d7       7%          3
 Freeze                   Ice            24%        1d4       8%          1
 Slow                     Hex            24%        N/A       8%          1
 Confusing Touch          Hex            6%         N/A       22%         3
 Frozen Ramparts          Ice            12%        1d2       22%         3
 Vampiric Draining        Necr           6%         2d6       22%         3
 Fulminant Prism          Conj/Hex       11%        3d9       22%         4
 Iskenderun's Mystic Bla  Conj/Tloc      22%        2d6       22%         4


Dungeon Overview and Level Annotations

Branches:
Dungeon (6/15)             Temple (1/1) D:4           Sewer (visited)

Altars:
Ashenzari
Dithmenos
Elyvilon
Fedhas
Gozag
Hepliaklqana
Makhleb
Nemelex Xobeh
Okawaru
Qazlal
Ru
Trog
Uskayaw
Wu Jian
Xom
Yredelemnul
The Shining One


Message History

The searing ray hits the wight but does no damage.
You feel your intelligence returning.
Your Air Magic skill increases to level 3!
The searing ray misses the wight.
The searing ray hits the wight.
The wight is moderately damaged.
You finish channelling your searing ray.
Casting: Searing Ray (safe; 1% risk of failure)
Confirm with . or Enter, or press ? or * to list all spells.
Aiming: Searing Ray (safe; 1% risk of failure)
Press: ? - help, Shift-Dir - straight line, f - wight
Aim: a wight, wielding a +4 spear of freezing and wearing a +0 robe (81% to hit)
The searing ray hits the wight!
The wight is severely damaged.
The searing ray hits the wight.
The wight is heavily damaged. (Press . to maintain the ray.)
The wight hits you from afar with a +4 spear of freezing!
You feel drained. The wight freezes you.
The searing ray hits the wight!
You destroy the wight!
Your life force feels restored.
The searing ray hits the wight.
The wight is almost destroyed.
The wight hits you with a +5 mace of freezing.
You feel drained. The wight freezes you.
The searing ray misses the wight.
You finish channelling your searing ray.
The wight hits you with a +5 mace of freezing!
* * * LOW HITPOINT WARNING * * *
You feel drained.
* * * LOW HITPOINT WARNING * * *
The wight freezes you.
* * * LOW HITPOINT WARNING * * *
You barely miss the wight.
The wight is almost destroyed.
The wight barely misses you.
You completely miss the wight.
The wight is almost destroyed.
The wight hits you with a +5 mace of freezing!
You die...

#. ..#..# #
..#+###'#..#.####
##..#.....#..#......##.
'..'.._..'..'.........
#..#.....#..#.........
#..#'###'#..# ....... z
..#.....#..###....# .
#''##'##'##'##'.#....##.
#..)z@#.....#.........
#.....#.....#.........
###+##+##+###.........
##.##'###. #.##..##.
..#...... ...#......
....#.[.... ###..##..##.


You could see a wight.

Vanquished Creatures
  An ice beast (D:6)
  2 phantoms
  A scorpion (D:4)
  2 wights (D:6)
  An orc priest (D:6)
  A jelly (D:4)
  A sleepcap (D:6)
  4 orc wizards
  Natasha (thrice) (D:3)
  7 river rats (Sewer)
  15 adders
  A white imp (D:6)
  An ufetubus (D:6)
  3 worms
  2 dart slugs
  9 orcs
  5 bats
  4 endoplasms
  4 giant cockroaches
  6 goblins
  13 hobgoblins
  8 jackals
  11 kobolds
  A quokka (D:1)
  4 ball pythons
  9 frilled lizards
  9 rats
128 creatures vanquished.

Notes
Turn   | Place    | Note
-------+----------+-------------------------------------------
     0 | D:1      | voltaire321 the Deep Elf Conjurer began the quest for the
                  | Orb.
     0 | D:1      | Reached XP level 1. HP: 10/10 MP: 6/6
   105 | D:1      | Reached XP level 2. HP: 13/15 MP: 0/8
   522 | D:1      | Learned a level 2 spell: Searing Ray
   525 | D:1      | Learned a level 2 spell: Poisonous Vapours
  1293 | D:2      | Reached XP level 3. HP: 20/20 MP: 7/9
  2072 | D:2      | Identified the +6 flail "Goas" {protect, Int+3}
  2260 | D:3      | Noticed Natasha
  2271 | D:3      | Killed Natasha
  2272 | D:3      | Reached skill level 1 in Fighting
  2272 | D:3      | Reached XP level 4. HP: 24/25 MP: 0/11
  2302 | D:3      | Found a glowing drain.
  2316 | D:3      | Reached skill level 1 in Air Magic
  2317 | Sewer    | Entered a sewer
  2388 | Sewer    | Reached skill level 1 in Armour
  2599 | Sewer    | Reached skill level 1 in Poison Magic
  2697 | Sewer    | Reached XP level 5. HP: 26/29 MP: 12/12
  2704 | Sewer    | Reached skill level 5 in Conjurations
  3109 | D:3      | Found a faded altar of an unknown god.
  3358 | D:3      | Found an iron altar of Okawaru.
  3414 | D:3      | Noticed Natasha
  3422 | D:3      | Killed Natasha
  3659 | D:3      | Noticed Natasha
  3665 | D:3      | Killed Natasha
  3666 | D:3      | Reached XP level 6. HP: 18/35 MP: 7/14
  3743 | D:4      | Found a staircase to the Ecumenical Temple.
  3796 | Temple   | Entered the Ecumenical Temple
  3857 | Temple   | Learned a level 4 spell: Olgreb's Toxic Radiance
  3867 | Temple   | Upgraded the game from 0.30-a0-1160-g6e42c06551 to
                  | 0.30-a0-1161-g0704695555
  4174 | D:4      | Found an opulent altar of Gozag.
  4174 | D:4      | Found a sparkling altar of Nemelex Xobeh.
  4717 | D:5      | Entered Level 5 of the Dungeon
  4911 | D:5      | Reached XP level 7. HP: 40/40 MP: 9/15
  5807 | D:6      | Found a broken altar of Ashenzari.
  5826 | D:6      | Reached skill level 5 in Spellcasting
  5897 | D:6      | HP: 2/40 [orc priest/divine providence (12)]
  6131 | D:6      | Found a sacrificial altar of Ru.
  6153 | D:6      | Mangled by a wight

Illustrated notes

Levels and vault maps discovered:
D:1:      minmay_arrival_four_circles, layout_basic
D:2:      layout_basic
D:3:      layout_basic, mainiacjoe_overflow_paths,
          hellmonk_ecumenical_altar_arch_garden, cheibrodos_sewer_entry_sluice,
          minmay_misc_feat_alley, uniq_natasha
D:4:      layout_loops_cross, grunt_temple_overflow_opulence,
          minmay_temple_entry_statues_fountains, dreamdust_princess_corridor
D:5:      layout_loops_ring
D:6:      layout_gridville, kennysheep_mini_moat, mainiacjoe_overflow_24_doors,
          ebering_ghost_sewer_f
Temple:   hellmonk_temple_two_chambers

Skill      XL: |  1  2  3  4  5  6  7 |
---------------+----------------------+-----
Dodging        | 3 4 |  4.8
Fighting       | 1 2 |  2.6
Air Magic      | 1 2 3 |  3.0
Armour         | 1 2 |  2.7
Poison Magic   | 1 2 3 |  3.2
Conjurations   | 5 |  5.9
Spellcasting   | 4 5 |  5.3
Stealth        | |  2.4

Action                     |  1- 3 |  4- 6 |  7- 9 || total
---------------------------+-------+-------+-------++-------
  Melee: Whip              |     9 |       |       ||     9
         Dagger            |     6 |       |       ||     6
         Flail             |     3 |    78 |    20 ||   101
         Punch             |       |     1 |       ||     1
   Cast: Magic Dart        |    68 |    81 |    16 ||   165
         Searing Ray       |     3 |    11 |    10 ||    24
    Use: Scroll            |       |       |     7 ||     7
         Potion            |       |       |     2 ||     2
   Stab: Sleeping          |     1 |     6 |       ||     7
 Armour: Robe              |     7 |    46 |     7 ||    60
  Dodge: Dodged            |    20 |    66 |    14 ||   100
  Block: Other             |       |    20 |     5 ||    25

Table legend: (Time is in decaauts)
 A = Elapsed time spent in this place.
 B = Non-inter-level travel time spent in this place.
 C = Inter-level travel time spent in this place.
 D = Time resting spent in this place.
 E = Time spent auto-exploring this place.
 F = Levels seen in this place.
 G = Mean time per level.
                   A        B        C        D        E       F      G
               +--------+--------+--------+--------+--------+-----+--------+
         Total |   6227 |   6107 |    120 |   1275 |   3749 |   8 |  778.4 |
       Dungeon |   5514 |   5394 |    120 |   1048 |   3494 |   6 |  919.0 |
        Temple |     79 |     79 |      0 |      0 |     56 |   1 |   79.0 |
         Sewer |    632 |    632 |      0 |    227 |    199 |   1 |  632.0 |
               +--------+--------+--------+--------+--------+-----+--------+

Top non-repeatable levels by time:
     D:1: 1175 daAuts
     D:3: 1012 daAuts
     D:4: 1001 daAuts
     D:2: 971 daAuts
     D:5: 770 daAuts
   Sewer: 632 daAuts
     D:6: 582 daAuts
  Temple: 79 daAuts
